 Dungeon Crawl Stone Soup version 0.29.1-1-gd02db6906a (webtiles) character file.

Game seed: 15241576752722580701

48 H0rd4k the Insei (level 3, -1/23 HPs)
             Began as an Octopode Transmuter on Oct 18, 2022.
             Was a Follower of Zin (penitent).
             Slain by Terence
             ... wielding a +0 falchion
              (7 damage)
             ... on level 2 of the Dungeon on Oct 19, 2022.
             The game lasted 00:01:20 (1855 turns).

H0rd4k the Insei (Octopode Transmuter)              Turns: 1855, Time: 00:01:21

Health: -1/23      AC:  1    Str:  9    XL:     3   Next: 72%
Magic:  5/6        EV: 13    Int: 17    God:    Zin [*.....]
Gold:   64         SH:  0    Dex: 12    Spells: 5/6 levels left

rFire   . . .      SeeInvis .     - Unarmed
rCold   . . .      Faith    .   (no shield)
rNeg    . . .      Spirit   .   (helmet currently unavailable)
rPois   .          Reflect  .   (no amulet)
rElec   .          Harm     .   (no ring)
rCorr   .          Rampage  .   (no ring)
Will    .....                   (no ring)
Stlth   ++........              (no ring)
HPRegen 0.07/turn               (no ring)
MPRegen 0.10/turn               (no ring)
                                (no ring)
                                (no ring)

@: appendages (expiring)
A: tentacle spike 3, almost no armour, amphibious, 8 rings, camouflage 1,
gelatinous body 1, (nimble swimmer 1), tentacles
a: End Transformation, Renounce Religion, Donate Gold


You were on level 2 of the Dungeon.
You worshipped Zin.
Zin was demanding penance.
One of your tentacles had grown a beastly spike.
You visited 1 branch of the dungeon, and saw 2 of its levels.

You collected 71 gold pieces.
You donated 7 gold pieces to Zin.

Inventory:

Missiles
 i - 2 curare-tipped darts
Scrolls
 b - a scroll of enchant armour {unknown}
 c - 2 scrolls of poison {unknown}
 e - a scroll of teleportation {unknown}
 f - a scroll of identify {unknown}
 g - a scroll of fear {unknown}
Potions
 a - a potion of lignification
 h - a potion of haste {unknown}


   Skills:
 + Level 1.2 Fighting
 + Level 2.3 Dodging
 + Level 4.0 Unarmed Combat
 + Level 2.2 Spellcasting
 + Level 2.2 Transmutations


You had 5 spell levels left.
You knew the following spells:

 Your Spells              Type           Power      Damage    Failure   Level
a - Beastly Appendage     Tmut           18%        N/A       8%          1

Your spell library contained the following spells:

 Spells                   Type           Power      Damage    Failure   Level
 Wereblood                Tmut           9%         N/A       12%         2
 Spider Form              Tmut/Pois      5%         N/A       34%         3
 Ice Form                 Ice/Tmut       5%         N/A       75%         4


Dungeon Overview and Level Annotations

Branches:
Dungeon (2/15)

Altars:
Zin

Annotations:
D:2 Terence


Innate Abilities, Weirdness & Mutations

One of your tentacles has grown a beastly spike.
You cannot wear most types of armour.
You are amphibious.
You can wear up to eight rings at the same time.
Your skin changes colour to match your surroundings (Stealth+).
Your rubbery body absorbs attacks. (AC +1, EV +1)
((You are camouflaged when in or above water. (Stealth+)))
You have tentacles for arms and can constrict up to eight enemies at once.


Message History

Your tentacle-slap misses Terence.
Terence is moderately wounded.
Terence hits you with a +0 falchion!
* * * LOW HITPOINT WARNING * * *
You completely miss Terence. You grab Terence.
You pierce Terence, but do no damage.
Terence is moderately wounded.
You constrict Terence, but do no damage.
Terence barely misses you.
You tentacle-slap Terence.
You pierce Terence, but do no damage.
Terence is moderately wounded.
You constrict Terence, but do no damage.
You release your grip on Terence.
Terence attacks as you move away! Terence closely misses you.
Saving game... please wait.
Level annotation: Terence Welcome back, H0rd4k the Octopode Transmuter.
Zin sternly explains the importance of proper burial practice.
Press ? for a list of commands and other information.
You aren't carrying any items that you can evoke.
Unknown command.
You aren't carrying any items that you can evoke.
Unknown command.
It was a potion of heal wounds.
You feel much better. Terence misses you.
You tentacle-slap Terence. Your grab misses Terence.
Terence is moderately wounded.
Terence hits you with a +0 falchion!
You tentacle-slap Terence but do no damage.
You grab Terence. You squeeze Terence.
Terence is heavily wounded.
Your transformation is almost over.
You constrict Terence, but do no damage.
Terence hits you with a +0 falchion!
* * * LOW HITPOINT WARNING * * *
You tentacle-slap Terence but do no damage.
You pierce Terence, but do no damage.
You squeeze Terence.
Terence is heavily wounded.
You constrict Terence, but do no damage.
Terence hits you with a +0 falchion!
You die...

#.# #.# #.# #.# #.#
#.# #.# #.####.## #.#
#.......# ..#####.#
######†.# #.......#
#..# ..####..# #..#
#..##########.†##.##.
#.....@@.............
#.############..##.##
#. ...# #. ##.# #. .#
#. .# #. .#


You could see Terence.

Vanquished Creatures
  2 adders (D:2)
  2 dart slugs (D:1)
  A bat (D:2)
  An endoplasm (D:1)
  A giant cockroach (D:1)
  5 goblins
  A hobgoblin (D:1)
  4 kobolds
  A quokka (D:1)
  4 ball pythons
  A frilled lizard (D:2)
  A rat (D:1)
24 creatures vanquished.

Notes
Turn   | Place    | Note
-------+----------+-------------------------------------------
     0 | D:1      | H0rd4k the Octopode Transmuter began the quest for the Orb.
     0 | D:1      | Reached XP level 1. HP: 13/13 MP: 3/3
   437 | D:1      | Found a faded altar of an unknown god.
   447 | D:1      | Reached XP level 2. HP: 18/18 MP: 5/5
   455 | D:1      | Prayed at the altar of an unknown god.
   455 | D:1      | Became a worshipper of Zin the Law-Giver
   455 | D:1      | Reached * piety under Zin
  1187 | D:1      | Reached ** piety under Zin
  1553 | D:2      | Reached XP level 3. HP: 22/23 MP: 6/6
  1799 | D:2      | Reached skill level 4 in Unarmed Combat
  1831 | D:2      | Identified the +2 robe of Zitaer {Int+2}
  1834 | D:2      | Noticed Terence
  1847 | D:2      | Was placed under penance by Zin
  1855 | D:2      | Slain by Terence

Illustrated notes

Levels and vault maps discovered:
D:1:      zaba_arrival_water, layout_loops_cross, serial_co_window_serial,
          co_window_paths_a, co_window_of_opportunity_a, co_window_paths_a,
          co_window_paths_a, co_window_paths_a, co_window_corner_a,
          co_window_paths_a, co_window_corner_a, co_window_of_opportunity_a,
          co_window_paths_c, co_window_paths_c, co_window_corner_cb,
          co_window_broadway_b, co_window_corner_b, co_window_corner_b,
          co_window_unsneaky_path_d, glass_columns_a, glass_columns_a,
          hellmonk_ecumenical_altar_pennies_from_heaven
D:2:      layout_loops_ring, serial_shops, nicolae_shop_waterfront,
          pf_guarded_unrand_delatra, uniq_terence, uniq_crazy_yiuf_cottage

Skill      XL: |  1  2  3 |
---------------+----------+-----
Unarmed Combat | 4 |  4.0
Fighting       | |  1.2
Dodging        | |  2.3
Spellcasting   | |  2.2
Transmutations | |  2.2

Action                   || total
-------------------------++-------
Melee: Unarmed           ||    61
       Constrict         ||    18
       Tentacles         ||    15
       Punch             ||     1
       Kick              ||     3
 Cast: Beastly Appendage ||     1
  Use: Potion            ||     1
 Stab: Sleeping          ||     8
Armor: Skin              ||     1
Dodge: Dodged            ||    31
